 Dungeon Crawl Stone Soup version 0.29-a0-319-gad05b8d819 (webtiles) character file.

Game seed: 9032363342618384525

1163 Gwenloh the Bolt Thrower (level 8, -8/76 HPs)
             Began as a Mayflytaur Hunter on Apr 1, 2022.
             Mangled by a cyclops (10 damage)
             ... on level 7 of the Dungeon.
             The game lasted 00:10:46 (4104 turns).

Gwenloh the Bolt Thrower (Mayflytaur Hunter)        Turns: 4104, Time: 00:10:47

Health: -8/76      AC:  3    Str: 18    XL:     8   Next: 40%
Magic:  9/9        EV: 13    Int: 17    God:
Gold:   327        SH:  0    Dex: 21    Spells: 7/7 levels left

rFire   . . .      SeeInvis .   b - +1 hand axe (freeze)
rCold   . . .      Faith    .   (no shield)
rNeg    . . .      Spirit   .   g - +0 leather armour
rPois   +          Reflect  .   (no helmet)
rElec   +          Harm     .   (no cloak)
rCorr   .          Rampage  .   (no gloves)
Will    +....                   (no boots)
Stlth   +++.......              (no amulet)
HPRegen 0.22/turn               x - ring of Moekufug {*Corrode rElec rPois Int+4 Dex+3}
MPRegen 0.22/turn               u - +6 ring of strength

@: flying, bezotted
A: damage resistance, big wings, sense surroundings 1, magic regeneration, short
lifespan
a: no special abilities


You were on level 7 of the Dungeon.
You visited 1 branch of the dungeon, and saw 8 of its levels.

You collected 327 gold pieces.

Inventory:

Hand Weapons
 a - a +1 hand crossbow
 b - a +1 hand axe of freezing (weapon)
Missiles
 l - a throwing net
Armour
 d - a +0 helmet
 g - a +0 leather armour (worn)
 o - a +0 crystal plate armour
Magical Staves
 f - a staff of air
Jewellery
 u - a +6 ring of strength (right hand)
 w - a ring of magical power
 x - the ring of Moekufug (left hand) {*Corrode rElec rPois Int+4 Dex+3}
   (You found it on level 5 of the Dungeon)

   [ring of poison resistance]

   Int:       It affects your intelligence (+4).
   Dex:       It affects your dexterity (+3).
   rElec:     It insulates you from electricity.
   rPois:     It protects you from poison.
   *Corrode:  It may corrode you when you take damage.
 y - a ring of poison resistance
Wands
 q - a wand of mindburst (17)
Scrolls
 c - 2 scrolls of immolation
 h - 10 scrolls of identify {unknown}
 i - 7 scrolls of teleportation {unknown}
 k - a scroll of magic mapping {unknown}
 n - a scroll of fog {unknown}
 p - a scroll of vulnerability {unknown}
 r - a scroll of silence {unknown}
 t - 2 scrolls of fear {unknown}
 A - a scroll of holy word {unknown}
 B - a scroll of brand weapon {unknown}
Potions
 e - 3 potions of attraction {unknown}
 j - 2 potions of cancellation {unknown}
 m - 2 potions of haste {unknown}
 s - a potion of brilliance {unknown}
 v - 2 potions of degeneration {unknown}
 z - 4 potions of heal wounds {unknown}
 C - a potion of flight {unknown}


   Skills:
 * Level 6.0 Fighting
 * Level 5.1 Axes
 * Level 7.8 Crossbows
 - Level 2.8 Dodging
 + Level 5.0 Stealth


You had 7 spell levels left.
You didn't know any spells.
Your spell library contained the following spells:

 Spells                   Type           Power      Damage    Failure   Level
 Ozocubu's Armour         Ice            0%         N/A       63%         3
 Ozocubu's Refrigeration  Ice            0%         4d5       100%        7


Dungeon Overview and Level Annotations

Branches:
Dungeon (8/15)
 Temple: D:4-7         Lair: D:8-11

Altars:
Gozag


Innate Abilities, Weirdness & Mutations

You are resistant to damage.
Your large and strong wings let you fly.
You passively map a small area around you.
You regenerate magic rapidly.
You are easily found by Zot.


Message History

The cyclops is lightly wounded.
You shoot a bolt.
The bolt hits the cyclops but does no damage.
The cyclops is lightly wounded.
You shoot a bolt. The bolt hits the cyclops!
The cyclops is moderately wounded.
You shoot a bolt.
The bolt hits the cyclops but does no damage.
The cyclops is moderately wounded.
No target in view!
No target in view!
Your +1 hand axe of freezing glows with a cold blue light!
b - a +1 hand axe of freezing (weapon)
No target in range!
There is an open door here.
You hit the cyclops. You freeze the cyclops.
The cyclops is moderately wounded.
The cyclops hits you.
You hit the cyclops but do no damage.
The cyclops is moderately wounded.
The cyclops barely misses you.
You barely miss the cyclops.
The cyclops is moderately wounded.
The cyclops hits you!!
You barely miss the cyclops.
The cyclops is moderately wounded.
You hit the cyclops. You freeze the cyclops.
The cyclops is moderately wounded.
The cyclops hits you!!
You are too injured to fight recklessly!
You hit the cyclops. You freeze the cyclops.
The cyclops is moderately wounded.
The cyclops hits you!!
* * * LOW HITPOINT WARNING * * *
You slash the cyclops! You freeze the cyclops.
The cyclops is heavily wounded.
You hit the cyclops. You freeze the cyclops.
The cyclops is severely wounded.
The cyclops hits you!
You die...

* #. #...... #.......#.*
####.....
#.⌠...⌠.#.###........ *
#.......#.....#......
+...⌠...+....#.......
#.......##.......†... ,
#.⌠...⌠.##.#####.....
#.$.C...#..##...#.... <...
..####@#####......###.. ,
.............>....#....###..
).....#######...............
..............####.#######..
,* ....(..###.......# #.. *
* ..###...###...## ##.. ,
##.#.....#.###.## ###...
#...#...#...#...###.....
,,#...#####...#...#.......


You could see a cyclops.

Vanquished Creatures
  2 black bears
  An ogre (D:5)
  2 bullfrogs
  A necrophage (D:4)
  2 scorpions
  3 hounds
  A jelly (D:7)
  3 orc wizards
  Natasha (thrice) (D:2)
  3 iguanas
  A mummy (D:5)
  7 adders
  4 gnolls
  A shadow imp (D:5)
  An ufetubus (D:4)
  2 dart slugs
  22 orcs
  9 endoplasms
  2 giant cockroaches
  8 goblins
  6 hobgoblins
  3 jackals (D:1)
  4 kobolds
  A quokka (D:2)
  6 ball pythons
  5 bats
  2 frilled lizards
  A hobgoblin zombie (D:5)
  An orc zombie (D:5)
  6 rats
113 creatures vanquished.

Notes
Turn   | Place    | Note
-------+----------+-------------------------------------------
     0 | D:1      | Gwenloh the Mayflytaur Hunter began the quest for the Orb.
     0 | D:1      | Reached XP level 1. HP: 19/19 MP: 2/2
    75 | D:1      | Reached XP level 2. HP: 25/27 MP: 3/3
    91 | D:1      | Reached skill level 5 in Crossbows
    92 | D:1      | Glimpsed the power of Zot.
   189 | D:2      | Glimpsed the power of Zot.
   224 | D:2      | Reached XP level 3. HP: 27/33 MP: 4/4
   641 | D:1      | Found a faded altar of an unknown god.
   673 | D:1      | Glimpsed the power of Zot.
   686 | D:2      | Noticed Natasha
   693 | D:2      | Killed Natasha
   694 | D:2      | Reached XP level 4. HP: 36/42 MP: 5/5
   746 | D:2      | Noticed Natasha
   762 | D:2      | Killed Natasha
   763 | D:2      | Reached skill level 1 in Axes
  1086 | D:2      | Reached XP level 5. HP: 47/49 MP: 6/6
  1154 | D:2      | Noticed Natasha
  1167 | D:2      | Killed Natasha
  1263 | D:2      | Glimpsed the power of Zot.
  1662 | D:2      | Glimpsed the power of Zot.
  1861 | D:3      | Glimpsed the power of Zot.
  2021 | D:4      | Reached skill level 6 in Crossbows
  2028 | D:4      | Gained mutation: You regenerate magic rapidly. [Mayflytaur
                  | growth]
  2028 | D:4      | Reached XP level 6. HP: 39/57 MP: 7/7
  2074 | D:5      | Entered Level 5 of the Dungeon
  2081 | D:4      | Found an opulent altar of Gozag.
  2340 | D:4      | Reached XP level 7. HP: 55/66 MP: 8/8
  2448 | D:4      | Glimpsed the power of Zot.
  2793 | D:6      | Reached skill level 5 in Fighting
  2793 | D:6      | Reached skill level 7 in Crossbows
  3021 | D:5      | Reached XP level 8. HP: 73/75 MP: 9/9
  3043 | D:5      | Glimpsed the power of Zot.
  3141 | D:5      | Glimpsed the power of Zot.
  3295 | D:5      | Identified the ring of Moekufug {*Corrode rElec rPois Int+4
                  | Dex+3}
  3640 | D:6      | Glimpsed the power of Zot.
  3705 | D:6      | Reached skill level 5 in Axes
  3944 | D:7      | Reached skill level 5 in Stealth
  4088 | D:7      | Noticed a cyclops
  4102 | D:7      | HP: 2/76 [cyclops (24)]
  4104 | D:7      | Mangled by a cyclops

Illustrated notes

Levels and vault maps discovered:
D:1:      lemuel_arrival_behind_the_door_small, layout_rooms,
          shapermc_ecumenical_altar_mp_vishouse, minmay_crystal_room,
          fountainhead
D:2:      layout_basic, uniq_natasha
D:3:      layout_basic, nicolae_overflows_in_rows
D:4:      layout_cave_pools, grunt_gozag_statues, serial_shops,
          nicolae_shop_hallway_plus, hangedman_minor_gate_pass
D:5:      layout_rooms, nicolae_ossuary_entry_giza
D:6:      layout_cave_pools, uniq_maggie
D:7:      nicolae_cairo_tiling, layout_rooms, temple_doors_e, enter_bailey_8,
          minmay_fountain_box
D:8:      layout_layer_cave, uniq_joseph, uniq_maurice

Skill      XL: |  1  2  3  4  5  6  7  8 |
---------------+-------------------------+-----
Crossbows      | 5 6 7 |  7.8
Stealth        | 2 3 4 5 |  5.0
Fighting       | 3 4 5 6 |  6.0
Axes           | 1 2 3 4 5 |  5.1
Dodging        | |  2.8

Action                   |  1- 3 |  4- 6 |  7- 9 || total
-------------------------+-------+-------+-------++-------
Melee: Hand axe          |     2 |    59 |    70 ||   131
       Punch             |       |     1 |       ||     1
 Fire: Hand crossbow     |    92 |    70 |   106 ||   268
 Stab: Sleeping          |       |     1 |     1 ||     2
Armor: Leather armour    |     7 |    27 |    12 ||    46
Dodge: Dodged            |    41 |    78 |    48 ||   167

Table legend: (Time is in decaauts)
 A = Elapsed time spent in this place.
 B = Non-inter-level travel time spent in this place.
 C = Inter-level travel time spent in this place.
 D = Time resting spent in this place.
 E = Time spent auto-exploring this place.
 F = Levels seen in this place.
 G = Mean time per level.
                   A        B        C        D        E       F      G
               +--------+--------+--------+--------+--------+-----+--------+
         Total |   4165 |   4051 |    114 |    140 |   2898 |   8 |  520.6 |
       Dungeon |   4165 |   4051 |    114 |    140 |   2898 |   8 |  520.6 |
               +--------+--------+--------+--------+--------+-----+--------+

Top non-repeatable levels by time:
     D:2: 1119 daAuts
     D:5: 630 daAuts
     D:1: 570 daAuts
     D:3: 532 daAuts
     D:4: 529 daAuts
     D:6: 527 daAuts
     D:7: 241 daAuts
     D:8: 13 daAuts
